 Dungeon Crawl Stone Soup version 0.26-a0-631-ged93497179 (webtiles) character file.

Game seed: 5680330133726716001

153906 Hastur the Sage (level 17, -2/147 HPs)
             Began as a Merfolk Monk on Sept 10, 2020.
             Was a High Priest of Sif Muna.
             Slain by an alligator (23 damage)
             ... called by a spriggan druid
             ... on level 3 of the Swamp on Sept 12, 2020.
             The game lasted 02:01:05 (49014 turns).

Hastur the Sage (Merfolk Monk)                     Turns: 49014, Time: 02:01:06

Health: -2/147     AC: 13    Str: 12    XL:     17   Next: 61%
Magic:  30/30      EV: 29    Int: 15    God:    Sif Muna [*****.]
Gold:   1254       SH:  0    Dex: 27    Spells: 10/16 levels left

rFire    . . .     SeeInvis +   b - +3 halberd (flame)
rCold    . . .     Faith    +   (shield currently unavailable)
rNeg     . . .     Spirit   .   G - +2 leather armour {rPois}
rPois    +         Reflect  .   y - +1 helmet
rElec    +         Harm     .   H - +2 cloak {Stlth+}
rCorr    .         Rampage  .   m - +0 pair of gloves
MR       ++++.                  C - +0 pair of boots of Lifelessness {MR+ Int+4} (curse)
Stlth    +++++.....             c - amulet of faith {!P}
HPRegen  0.34/turn              Z - ring "Viuloufi" {rElec Str+4 Int-5 Dex+6 Stlth+}
MPRegen  0.22/turn              L - ring of Youthful Indiscretion {MR++ Str-3 Dex+4 SInv Stlth+}

@: no status effects
A: change form in water, swift swim, stealthy swim
a: Channel Magic, Forget Spell, Divine Exegesis, Renounce Religion


You were on level 3 of the Swamp.
You worshipped Sif Muna.
Sif Muna was extremely pleased with you.
You visited 5 branches of the dungeon, and saw 27 of its levels.
You also visited: Bailey.

You collected 2548 gold pieces.
You spent 1294 gold pieces at shops.

Inventory:

Hand Weapons
 a - a +2 halberd of venom
   (You took it off a gnoll on level 1 of the Dungeon)
 b - a +3 halberd of flaming (weapon)
   (You found it in a bailey)
 o - the +5 spear "Naveba" {speed, MR+ Dex+4}
   (You found it on level 4 of the Dungeon)

   Attacks with this weapon are significantly faster.
   It affects your dexterity (+4).
   It affects your resistance to hostile enchantments.
 S - a +4 bardiche of protection
   (You found it on level 7 of the Dungeon)
Missiles
 s - 87 boomerangs (quivered)
 N - 12 javelins
 X - 5 throwing nets {!f}
Armour
 g - a +4 ring mail
   (You took it off an orc on level 11 of the Dungeon)
 m - a +0 pair of gloves (worn)
   (You found it on level 5 of the Dungeon)
 y - a +1 helmet (worn)
   (You took it off Robin on level 4 of the Dungeon)
 C - the cursed +0 pair of boots of Lifelessness (worn) {MR+ Int+4}
   (You found it on level 3 of the Lair of Beasts)

   It affects your intelligence (+4).
   It affects your resistance to hostile enchantments.
   It has a curse placed upon it.
 G - a +2 leather armour of poison resistance (worn)
   (You found it on level 7 of the Dungeon)
 H - a +2 cloak of stealth (worn)
   (You found it on level 1 of the Swamp)
Jewellery
 c - an amulet of faith (around neck) {!P}
   (You found it on level 3 of the Dungeon)
 D - the ring "Duisu" {+Fly rF+ MR+ Dex+6}
   (You bought it in a shop on level 2 of the Orcish Mines)

   [ring of dexterity]

   It affects your dexterity (+6).
   It protects you from fire.
   It affects your resistance to hostile enchantments.
   It lets you fly.
 F - an uncursed ring of ice
   (You took it off Fannar on level 3 of the Lair of Beasts)
 L - the ring of Youthful Indiscretion (right hand) {MR++ Str-3 Dex+4 SInv Stlth+}
   (You acquired it on level 8 of the Dungeon)

   [ring of stealth]

   It affects your strength (-3).
   It affects your dexterity (+4).
   It affects your resistance to hostile enchantments.
   It lets you see invisible.
   It makes you more stealthy.
 Z - the ring "Viuloufi" (left hand) {rElec Str+4 Int-5 Dex+6 Stlth+}
   (You found it on level 9 of the Dungeon)

   [ring of dexterity]

   It affects your strength (+4).
   It affects your intelligence (-5).
   It affects your dexterity (+6).
   It insulates you from electricity.
   It makes you more stealthy.
Wands
 d - a wand of iceblast (9)
   (You found it on level 3 of the Lair of Beasts)
 t - a wand of flame (52)
   (You took it off Edmund on level 6 of the Dungeon)
 u - a wand of paralysis (1)
   (You found it on level 6 of the Lair of Beasts)
 v - a wand of digging (18)
   (You took it off Pikel on level 4 of the Dungeon)
 x - a wand of acid (5)
   (You took it off a human on level 7 of the Dungeon)
Scrolls
 j - 2 scrolls of fog
 z - 5 scrolls of identify {@r1}
 K - 5 scrolls of immolation {!r}
 O - 8 scrolls of remove curse {@r2}
 P - 4 scrolls of teleportation {@r4}
 T - 3 scrolls of enchant weapon
 U - a scroll of magic mapping
 W - a scroll of silence
 Y - 5 scrolls of enchant armour
Potions
 f - a potion of heal wounds {@q2}
 h - 3 potions of magic
 i - 3 potions of lignification {!q}
 k - 5 potions of cancellation
 l - 2 potions of invisibility
 n - 5 potions of berserk rage
 p - 4 potions of flight
 q - 2 potions of might
 r - 9 potions of curing {@q1}
 w - 4 potions of ambrosia
 A - 7 potions of brilliance
 B - 6 potions of mutation {!q}
 E - 3 potions of resistance
 M - 7 potions of haste {@q3}
Miscellaneous
 e - a box of beasts (2/3)
   (You found it on level 7 of the Dungeon)
 Q - a lightning rod (4/4) {!a}
   (You found it on level 7 of the Dungeon)
 R - a phial of floods
   (You found it on level 3 of the Lair of Beasts)
 V - a phantom mirror
   (You found it on level 6 of the Lair of Beasts)


   Skills:
 + Level 17.0 Fighting
 - Level 16.0 Polearms
 - Level 5.0 Armour
 + Level 16.1 Dodging
 - Level 2.1 Stealth
 * Level 19.2 Invocations
 - Level 5.6 Evocations


You had 10 spell levels left.
You knew the following spells:

 Your Spells              Type           Power        Failure   Level
a - Shadow Creatures      Summ           N/A          100%        6

Your spell library contained the following spells:

 Spells                   Type           Power        Failure   Level
 Animate Skeleton         Necr           #.....       34%         1
 Apportation              Tloc           #.....       34%         1
 Beastly Appendage        Tmut           #.....       34%         1
 Corona                   Hex            #......      34%         1
 Foxfire                  Conj/Fire      #...         34%         1
 Freeze                   Ice            #...         34%         1
 Magic Dart               Conj           #...         34%         1
 Pain                     Necr           #...         34%         1
 Sandblast                Erth           #.....       34%         1
 Shock                    Conj/Air       #...         34%         1
 Sting                    Tmut/Pois      #...         34%         1
 Summon Small Mammal      Summ           #...         34%         1
 Blink                    Tloc           N/A          45%         2
 Call Imp                 Summ           #.......     45%         2
 Ensorcelled Hibernation  Hex/Ice        #.....       45%         2
 Passwall                 Tmut/Erth      #.......     45%         2
 Poisonous Vapours        Pois/Air       #.....       45%         2
 Slow                     Hex            #.......     45%         2
 Sublimation of Blood     Necr           #.........   45%         2
 Call Canine Familiar     Summ           #.......     71%         3
 Confusing Touch          Hex            #.......     71%         3
 Conjure Flame            Conj/Fire      #.......     71%         3
 Dazzling Flash           Conj/Hex       #.....       71%         3
 Frozen Ramparts          Ice            #.....       71%         3
 Ignite Poison            Fire/Tmut/Pois #.......     71%         3
 Inner Flame              Hex/Fire       #.......     71%         3
 Mephitic Cloud           Conj/Pois/Air  #.......     71%         3
 Ozocubu's Armour         Ice            #.......     71%         3
 Portal Projectile        Hex/Tloc       #.....       71%         3
 Stone Arrow              Conj/Erth      #.....       71%         3
 Summon Guardian Golem    Hex/Summ       #.......     71%         3
 Tukima's Dance           Hex            #.......     71%         3
 Vampiric Draining        Necr           #.........   71%         3
 Animate Dead             Necr           #.........   98%         4
 Cause Fear               Hex            #.........   98%         4
 Fulminant Prism          Conj/Hex       #.........   98%         4
 Hailstorm                Conj/Ice       #.......     98%         4
 Ice Form                 Ice/Tmut       #.......     98%         4
 Iskenderun's Mystic Bla  Conj/Tloc      #.......     98%         4
 Leda's Liquefaction      Hex/Erth       #.........   98%         4
 Olgreb's Toxic Radiance  Pois           #.......     98%         4
 Passage of Golubria      Tloc           N/A          98%         4
 Petrify                  Tmut/Erth      #.......     98%         4
 Sticky Flame             Conj/Fire      #.......     98%         4
 Summon Ice Beast         Ice/Summ       #.......     98%         4
 Summon Lightning Spire   Summ/Air       #.......     98%         4
 Agony                    Necr           #.......     100%        5
 Alistair's Intoxication  Tmut/Pois      #........    100%        5
 Blade Hands              Tmut           #.........   100%        5
 Irradiate                Conj/Tmut      #.........   100%        5
 Lee's Rapid Deconstruct  Erth           #.........   100%        5
 Metabolic Englaciation   Hex/Ice        #.........   100%        5
 Silence                  Hex/Air        #.........   100%        5
 Summon Forest            Summ/Tloc      #.........   100%        5
 Yara's Violent Unravell  Hex/Tmut       #.........   100%        5
 Conjure Ball Lightning   Conj/Air       #.........   100%        6
 Eringya's Noxious Bog    Tmut/Pois      #.........   100%        6
 Freezing Cloud           Conj/Ice/Air   #.........   100%        6
 Hydra Form               Tmut           #.........   100%        6
 Ozocubu's Refrigeration  Ice            #.........   100%        6
 Simulacrum               Ice/Necr       #.........   100%        6
 Statue Form              Tmut/Erth      #........    100%        6
 Haunt                    Necr/Summ      #.........   100%        7
 Malign Gateway           Summ/Tloc      #.........   100%        7
 Spellforged Servitor     Conj/Summ      #.........   100%        7
 Summon Hydra             Summ           #.........   100%        7
 Discord                  Hex            #.........   100%        8
 Necromutation            Tmut/Necr      #.........   100%        8
 Summon Horrible Things   Summ           #.........   100%        8
 Dragon's Call            Summ           #.........   100%        9
 Tornado                  Air            #.........   100%        9


Dungeon Overview and Level Annotations

Branches:
Dungeon (15/15)            Temple (1/1) D:4            Lair (6/6) D:10
  Swamp (3/4) Lair:4        Snake (0/4) Lair:4        Slime (0/5) Lair:6
    Orc (2/2) D:11            Elf (0/3) Orc:2        Vaults (0/5) D:13
 Depths (0/5) D:15         Bailey (visited)

Altars:
Cheibriados
Fedhas
Gozag
Okawaru
Qazlal
Ru
Sif Muna
Uskayaw
Yredelemnul
The Shining One
Beogh

Shops:
D:8 }   D:10 :   D:11 [   Orc:2 *(=([

Annotations:
D:4 1 runed translucent door, Crazy Yiuf
D:7 2 runed translucent doors
Lair:6 exclusion: 5 oklob plants
Swamp:1 2 transporters


Message History

You kill the tyrant leech!
Sif Muna accepts your kill.
The alligator bites you but does no damage.
The alligator tail-slaps you but does no damage.
The alligator puts on a burst of speed!
Your legs become a tail as you enter the water.
The cursed +0 pair of boots of Lifelessness {MR+ Int+4} melds into your body.
The spriggan druid points at you and mumbles some strange words.
The stone arrow misses you.
The cursed +0 pair of boots of Lifelessness {MR+ Int+4} unmelds from your body.
The alligator bites you!
* * * LOW HITPOINT WARNING * * *
The alligator tail-slaps you.
* * * LOW HITPOINT WARNING * * *
Okay, then.
You feel much better.
The spriggan druid calls out to the beasts of the wild!
The alligator misses you. The alligator closely misses you.
A cane toad comes into view.
The alligator misses you. x2
Your legs become a tail as you enter the water.
The cursed +0 pair of boots of Lifelessness {MR+ Int+4} melds into your body.
The cursed +0 pair of boots of Lifelessness {MR+ Int+4} unmelds from your body.
The spriggan druid calls out to the beasts of the wild!
Your legs become a tail as you enter the water.
The cursed +0 pair of boots of Lifelessness {MR+ Int+4} melds into your body.
The cane toad closely misses you. The alligator bites you!!
* * * LOW HITPOINT WARNING * * *
The alligator tail-slaps you.
* * * LOW HITPOINT WARNING * * *
The cursed +0 pair of boots of Lifelessness {MR+ Int+4} unmelds from your body.
As you read the scroll of blinking, it crumbles to dust.
A five-headed hydra comes into view.
The five-headed hydra bites you.
* * * LOW HITPOINT WARNING * * *
The five-headed hydra completely misses you. x2
The five-headed hydra bites you but does no damage.
The five-headed hydra bites you!
* * * LOW HITPOINT WARNING * * *
There is a stone staircase leading up, spattered with blood here.
Okay, then.
You feel much better.
The five-headed hydra closely misses you.
The five-headed hydra bites you.
* * * LOW HITPOINT WARNING * * *
The five-headed hydra closely misses you.
The five-headed hydra bites you but does no damage.
The five-headed hydra completely misses you.
The alligator bites you!!
You die...

♣♣♣§.♣♣♣≈≈≈≈.♣♣♣♣
♣.≈≈≈≈≈.≈≈≈≈≈...♣♣ ♣♣♣♣♣♣
♣≈≈≈≈≈.≈.≈≈≈≈≈≈..♣ ♣.≈≈.♣
♣♣i≈≈≈≈.♣♣≈.≈≈≈≈≈≈♣♣♣.≈≈.♣
♣≈≈≈≈≈..♣♣♣♣y≈≈≈≈..♣♣.≈≈.♣
≈.♣...≈♣♣♣♣.≈≈≈.≈≈≈♣≈...♣♣
♣♣♣♣≈≈♣♣ ♣.≈≈.F≈≈≈.....♣♣
♣≈♣♣ ♣≈≈..≈≈tD≈.≈≈≈♣♣♣ ♣♣♣
♣≈.....@...≈≈...♣
♣≈...≈≈.≈....≈≈≈♣ ≈
♣♣.≈.....≈♣♣♣.≈≈.♣ ≈≈
♣≈.≈≈≈≈≈≈≈≈≈♣.≈≈≈♣ ≈≈≈
♣≈≈≈≈≈≈≈≈≈≈≈.≈.♣♣♣ ≈≈.♣
♣♣≈≈≈≈≈≈≈≈≈.♣♣♣♣ ≈..≈
♣..≈≈≈≈≈≈≈≈.♣♣♣
♣<≈≈≈≈≈≈≈≈≈≈.≈♣♣
♣.≈≈≈...≈≈≈≈..≈♣


You could see an alligator (swift), a five-headed hydra, a cane toad and a
hornet.

Vanquished Creatures
  Nikola (Lair:4)
  A thorn hunter (Swamp:2)
  Gastronok (Lair:3)
  Donald (Swamp:1)
  2 orc warlords
  Louise (Swamp:1)
  Snorg (Lair:6)
  Josephine (Lair:5)
  Fannar (Lair:3)
  An ogre mage (Orc:1)
  8 vault guards
  12 hydras
  Erolcha (D:9)
  3 centaur warriors
  A ghost crab (Swamp:2)
  4 two-headed ogres
  A death knight (D:13)
  A catoblepas (D:13)
  2 shambling mangroves
  13 alligators
  5 tengu warriors
  5 death yaks (Lair:6)
  A deep troll shaman (Lair:6)
  Urug (D:10)
  4 orc high priests
  Nergalle (Orc:1)
  4 skeletal warriors
  A spriggan druid (Swamp:2)
  A swamp dragon (Swamp:1)
  3 unseen horrors
  2 wizards (D:15)
  3 lindwurms
  Pikel (D:4)
  2 wolf spider zombies (D:15)
  A phantasmal warrior (D:13)
  A necromancer (D:15)
  11 orc knights
  5 orc sorcerers
  2 manticores
  An oklob plant (Lair:1)
  6 cyclopes
  3 deep elf magi
  8 ugly things
  11 elephants (Lair:6)
  Joseph (D:9)
  2 gargoyles
  A naga mage (D:15)
  3 black mambas
  14 cane toads
  A redback zombie (D:15)
  3 rime drakes
  Maggie (D:6)
  A kobold demonologist (D:10)
  5 komodo dragons
  2 tengu conjurers
  A freezing wraith (D:14)
  A harpy zombie (D:15)
  5 tyrant leeches
  A queen bee (Lair:3)
  4 polar bears
  10 trolls
  3 hornets
  5 slime creatures
  26 blink frogs
  4 bog bodies
  7 hippogriffs
  A spriggan (Swamp:2)
  3 shadows
  3 wraiths (Lair:5)
  2 wyverns
  36 yaks
  A vampire (D:12)
  Grum (D:9)
  2 basilisks
  5 humans (D:7)
  8 vampire mosquitoes
  21 wargs
  5 swamp worms
  Edmund (D:6)
  4 nagas (Lair:4)
  13 water moccasins
  10 porcupines
  39 orc warriors
  A sky beast (shapeshifter) (D:13)
  A sky beast (D:12)
  A swamp drake (Swamp:2)
  5 black bears
  A meliai simulacrum (D:15)
  2 ice beasts
  2 necrophages
  3 phantoms
  A hornet zombie (D:14)
  24 ogres
  24 wolves
  16 centaurs
  19 crocodiles
  4 lemures
  Blork the orc (D:6)
  19 big kobolds
  15 bullfrogs
  A wyvern skeleton (D:12)
  A water moccasin skeleton (D:7)
  6 scorpions
  16 killer bees
  2 howler monkeys (D:10)
  13 wights
  7 bullfrog zombies
  5 centaur zombies
  A quasit (D:10)
  7 hounds
  19 orc priests
  2 jellies
  2 bullfrog skeletons
  8 centaur skeletons
  4 iguanas
  Natasha (thrice) (D:3 D:2)
  21 orc wizards
  12 worker ants
  A worker ant zombie (D:7)
  Robin (D:4)
  10 gnolls
  16 adders
  A river rat (D:5)
  A shadow imp (D:8)
  An ufetubus (D:7)
  5 oozes
  2 adder skeletons
  3 adder zombies
  3 worms
  6 leopard geckos
  90 orcs
  9 giant cockroaches
  23 goblins
  5 hobgoblins
  14 jackals
  2 quokkas
  A ball python (shapeshifter) (D:13)
  A ball python (D:6)
  11 bats
  3 frilled lizards
  A giant cockroach zombie (D:6)
  36 kobolds
  A leopard gecko skeleton (D:6)
  A quokka skeleton (D:4)
  A quokka zombie (D:7)
  11 rats
925 creatures vanquished.

Vanquished Creatures (collateral kills)
  A fire dragon (D:10)
  A catoblepas (Lair:6)
  An elephant (Lair:6)
  3 hornets (Swamp:1)
6 creatures vanquished.

Vanquished Creatures (others)
  A cane toad (Swamp:1)
  An orc warrior (Orc:2)
  A bush (Lair:6)
  25 fungi
  43 plants
71 creatures vanquished.

Grand Total: 1002 creatures vanquished

Notes
Turn   | Place    | Note
-------+----------+-------------------------------------------
     0 | D:1      | Hastur the Merfolk Monk began the quest for the Orb.
     0 | D:1      | Reached XP level 1. HP: 18/18 MP: 1/1
   384 | D:1      | Reached XP level 2. HP: 19/24 MP: 2/2
   388 | D:1      | Reached skill level 5 in Polearms
   723 | D:2      | Reached XP level 3. HP: 29/29 MP: 3/3
  1056 | D:2      | Reached XP level 4. HP: 31/37 MP: 4/4
  1551 | D:2      | Found an opulent altar of Gozag.
  1741 | D:2      | Found a shimmering blue altar of Sif Muna.
  1811 | D:2      | Became a worshipper of Sif Muna the Loreminder
  1811 | D:2      | Reached * piety under Sif Muna
  1811 | D:2      | Reached ** piety under Sif Muna
  1847 | D:2      | Reached skill level 5 in Dodging
  2010 | D:3      | Reached XP level 5. HP: 42/42 MP: 5/5
  2153 | D:3      | Found an iron altar of Okawaru.
  2200 | D:3      | Noticed Natasha
  2211 | D:3      | Killed Natasha
  2546 | D:3      | Noticed Natasha
  2570 | D:2      | Killed Natasha
  2805 | D:2      | Found an opulent altar of Gozag.
  3008 | D:2      | Found a shimmering blue altar of Sif Muna.
  3010 | D:2      | Noticed Natasha
  3023 | D:2      | Killed Natasha
  3165 | D:3      | Reached XP level 6. HP: 36/49 MP: 6/6
  3727 | D:4      | Noticed Robin
  3791 | D:4      | Killed Robin
  3821 | D:4      | Reached *** piety under Sif Muna
  3990 | D:4      | Found a staircase to the Ecumenical Temple.
  4003 | Temple   | Entered the Ecumenical Temple
  4064 | D:4      | Noticed Pikel
  5231 | D:4      | Found a basalt altar of Yredelemnul.
  5271 | D:4      | Got a crystal spear
  5471 | D:5      | Entered Level 5 of the Dungeon
  5538 | D:5      | Found a snail-covered altar of Cheibriados.
  6009 | D:5      | Reached skill level 5 in Fighting
  6009 | D:5      | Reached XP level 7. HP: 44/56 MP: 7/7
  6637 | D:5      | Noticed a two-headed ogre
  6826 | D:6      | Found a glowing golden altar of the Shining One.
  7332 | D:6      | Identified the +5 spear "Naveba" {speed, MR+ Dex+4} (You
                  | found it on level 4 of the Dungeon)
  7558 | D:5      | Killed a two-headed ogre
  7558 | D:5      | Reached XP level 8. HP: 15/65 MP: 8/8
  7816 | D:6      | Noticed Blork the orc
  7999 | D:4      | Killed Pikel
  7999 | D:4      | Reached XP level 9. HP: 42/72 MP: 9/9
  8488 | D:4      | Found a runed translucent door.
  8489 | D:4      | Noticed Crazy Yiuf
  8700 | D:6      | Killed Blork the orc
  9144 | D:6      | Found a blossoming altar of Fedhas.
  9145 | D:6      | Noticed Edmund
  9147 | D:6      | Noticed Maggie
  9173 | D:6      | Killed Edmund
  9279 | D:6      | Killed Maggie
  9564 | D:7      | Reached skill level 10 in Dodging
  9706 | D:7      | Reached XP level 10. HP: 67/82 MP: 10/10
  9832 | D:7      | Reached **** piety under Sif Muna
 10201 | D:7      | Found a runed translucent door.
 10201 | D:7      | Found a runed translucent door.
 10338 | D:7      | Got a pitted whip
 10442 | D:7      | Found a runed translucent door.
 10521 | D:7      | Identified the cursed +1 whip of the Crypt {vamp, rPois rF+
                  | Int+8 Dex-2} (You found it on level 7 of the Dungeon)
 10619 | D:7      | Noticed a gargoyle
 10630 | D:7      | Killed a gargoyle
 10653 | D:7      | Got a pitted ring mail
 10662 | D:7      | Noticed a manticore
 10672 | D:7      | Killed a manticore
 10776 | D:7      | Identified the +9 ring mail of the Swamp {*Slow +Inv rElec
                  | rN+} (You found it on level 7 of the Dungeon)
 10977 | D:7      | Reached skill level 10 in Fighting
 11002 | D:7      | Killed an unseen horror
 11151 | D:8      | Reached XP level 11. HP: 92/92 MP: 11/11
 11281 | D:8      | Found a hide-covered altar of Uskayaw.
 11289 | D:8      | Reached ***** piety under Sif Muna
 11302 | D:8      | Identified Sif Muna's Catalogue of Conjuration (Sif Muna
                  | gifted it to you on level 8 of the Dungeon)
 11302 | D:8      | Received a gift from Sif Muna
 11394 | D:8      | Found a flagged portal.
 11404 | Bailey   | Entered a bailey
 11409 | Bailey   | Noticed an orc warlord
 11532 | Bailey   | Found a runed translucent gate.
 11534 | Bailey   | Found a runed translucent gate.
 11536 | Bailey   | Found a runed translucent gate.
 11547 | Bailey   | Noticed an orc knight
 11579 | Bailey   | Killed an orc knight
 11732 | Bailey   | Killed an orc warlord
 11732 | Bailey   | Reached skill level 15 in Polearms
 11965 | D:8      | Found a blossoming altar of Fedhas.
 12094 | D:8      | Noticed a purple ugly thing
 12130 | D:8      | Killed a purple ugly thing
 12426 | D:8      | Found a stormy altar of Qazlal.
 12659 | D:8      | Found Hejecs's Gadget Emporium.
 12877 | D:8      | Identified a scroll of acquirement
 12877 | D:8      | Acquired the ring of Youthful Indiscretion {MR++ Str-3
                  | Dex+4 SInv Stlth+}
 12901 | D:9      | Noticed Joseph
 13017 | D:9      | Killed Joseph
 13189 | D:9      | Got a pitted granite ring
 13252 | D:9      | Noticed Erolcha
 13269 | D:9      | Killed Erolcha
 13295 | D:9      | Found a sacrificial altar of Ru.
 13461 | D:9      | Noticed Grum
 13469 | D:9      | Killed Grum
 13672 | D:9      | Reached skill level 1 in Invocations
 14012 | D:10     | Entered Level 10 of the Dungeon
 14276 | D:10     | Identified the ring "Viuloufi" {rElec Str+4 Int-5 Dex+6
                  | Stlth+} (You found it on level 9 of the Dungeon)
 14460 | D:10     | Found a staircase to the Lair.
 14464 | D:10     | Noticed a fire dragon
 14479 | D:10     | Reached skill level 2 in Invocations
 14575 | D:10     | Identified Sif Muna's Guide on Combat Magic and Changing
                  | (Sif Muna gifted it to you on level 10 of the Dungeon)
 14575 | D:10     | Received a gift from Sif Muna
 15226 | D:10     | Reached XP level 12. HP: 101/101 MP: 14/14
 15232 | D:10     | Reached skill level 3 in Invocations
 15247 | D:10     | Noticed Urug
 15261 | D:10     | Killed Urug
 15266 | D:10     | Reached skill level 4 in Invocations
 15342 | D:10     | Found Huixoopn's Book Shop.
 15518 | D:11     | Noticed a five-headed hydra
 15530 | D:11     | Killed a one-headed hydra
 15530 | D:11     | Reached skill level 5 in Invocations
 15639 | D:11     | Found a staircase to the Orcish Mines.
 15855 | D:11     | Found Culudom's Antique Armour Shop.
 15951 | D:11     | Noticed a two-headed ogre
 15958 | D:11     | Killed a two-headed ogre
 15958 | D:11     | Reached skill level 6 in Invocations
 15977 | D:11     | Reached skill level 8 in Invocations
 15977 | D:11     | Reached skill level 5 in Evocations
 15977 | D:11     | Reached XP level 13. HP: 108/108 MP: 16/19
 16108 | D:11     | Reached skill level 9 in Invocations
 16362 | D:11     | Found a sacrificial altar of Ru.
 16436 | D:11     | Identified Sif Muna's Papyrus of Poisoning and the Escort
                  | (Sif Muna gifted it to you on level 11 of the Dungeon)
 16436 | D:11     | Received a gift from Sif Muna
 17421 | D:11     | Reached skill level 10 in Invocations
 18218 | D:11     | Found a sacrificial altar of Ru.
 18256 | D:11     | Found a staircase to the Orcish Mines.
 18324 | D:11     | Received a gift from Sif Muna
 18404 | D:11     | Found Culudom's Antique Armour Shop.
 19593 | D:12     | Reached XP level 14. HP: 110/116 MP: 22/22
 20370 | D:13     | Reached skill level 11 in Invocations
 20565 | D:13     | Found a gate to the Vaults.
 20577 | D:13     | Reached skill level 15 in Dodging
 20606 | D:13     | Reached skill level 1 in Armour
 21060 | D:13     | Found a basalt altar of Yredelemnul.
 21382 | D:13     | Reached skill level 12 in Invocations
 22069 | D:13     | Identified Jibb's Tome of Excruciating Companions (Sif Muna
                  | gifted it to you on level 13 of the Dungeon)
 22069 | D:13     | Received a gift from Sif Muna
 25037 | D:10     | Reached skill level 13 in Invocations
 25170 | Lair:1   | Entered Level 1 of the Lair of Beasts
 26585 | Lair:2   | Reached XP level 15. HP: 111/126 MP: 25/25
 27053 | Lair:3   | Paralysed by a hornet for 1 turns
 27055 | Lair:3   | Identified Xuzotos's Disquisition on Conjuration (Sif Muna
                  | gifted it to you on level 3 of the Lair of Beasts)
 27055 | Lair:3   | Received a gift from Sif Muna
 27402 | Lair:3   | Identified the cursed +0 pair of boots of Lifelessness {MR+
                  | Int+4} (You found it on level 3 of the Lair of Beasts)
 27504 | Lair:3   | Reached skill level 14 in Invocations
 27620 | Lair:3   | Noticed Gastronok
 27636 | Lair:3   | Killed Gastronok
 27879 | Lair:3   | Noticed Fannar
 27904 | Lair:3   | Killed Fannar
 28328 | Lair:4   | Found a staircase to the Swamp.
 28772 | Lair:4   | Reached skill level 5 in Armour
 29061 | Lair:4   | Found a staircase to the Snake Pit.
 29072 | Lair:4   | Identified Sif Muna's Witchery, Part One (Sif Muna gifted
                  | it to you on level 4 of the Lair of Beasts)
 29072 | Lair:4   | Received a gift from Sif Muna
 29438 | Lair:5   | Noticed Josephine
 29618 | Lair:5   | Killed Josephine
 29998 | Lair:6   | Entered Level 6 of the Lair of Beasts
 30011 | Lair:6   | Reached skill level 15 in Invocations
 30813 | Lair:6   | Noticed Snorg
 30845 | Lair:6   | Killed Snorg
 31211 | Lair:6   | Reached skill level 15 in Fighting
 31983 | Lair:6   | Found a staircase to the Slime Pits.
 32092 | Lair:6   | Identified Lioseocw's Disquisition on Shifting Summoning
                  | (Sif Muna gifted it to you on level 6 of the Lair of
                  | Beasts)
 32092 | Lair:6   | Received a gift from Sif Muna
 32317 | Lair:6   | Reached skill level 16 in Invocations
 32317 | Lair:6   | Reached XP level 16. HP: 90/136 MP: 26/28
 35357 | D:15     | Entered Level 15 of the Dungeon
 36886 | D:15     | Found a staircase to the Depths.
 36890 | D:15     | Reached skill level 17 in Invocations
 37934 | D:15     | Received a gift from Sif Muna
 38821 | Orc:1    | Entered Level 1 of the Orcish Mines
 39006 | Orc:2    | Entered Level 2 of the Orcish Mines
 42364 | Orc:1    | Received a gift from Sif Muna
 42576 | Orc:1    | Reached skill level 18 in Invocations
 42701 | Orc:2    | Found Ynyrri's Antique Weapon Shop.
 42796 | Orc:2    | Found Igoeff's General Store.
 42821 | Orc:2    | Bought a scroll of magic mapping for 49 gold pieces
 42821 | Orc:2    | Bought a scroll of teleportation for 42 gold pieces
 42846 | Orc:2    | Found Qeugy's Jewellery Boutique.
 42854 | Orc:2    | Found Topoec's Antique Weapon Shoppe.
 43940 | Orc:2    | Found Lolibog's Antique Armour Emporium.
 43953 | Orc:2    | Found a staircase to the Elven Halls.
 44256 | Orc:1    | Found a roughly hewn altar of Beogh.
 44495 | Orc:1    | Noticed Nergalle
 44530 | Orc:1    | Killed Nergalle
 44739 | Orc:1    | Reached XP level 17. HP: 141/145 MP: 30/30
 44879 | Orc:2    | Bought the ring "Duisu" {+Fly rF+ MR+ Dex+6} for 1203 gold
                  | pieces
 44897 | Orc:2    | Learned a level 6 spell: Shadow Creatures
 44897 | Orc:2    | Upgraded the game from 0.26-a0-612-gd4d190f45e to
                  | 0.26-a0-613-g4f23886233
 45047 | Swamp:1  | Entered Level 1 of the Swamp
 45357 | Swamp:1  | Noticed Nikola
 45428 | Lair:4   | Killed Nikola
 45554 | Swamp:1  | Noticed Louise
 45556 | Swamp:1  | Upgraded the game from 0.26-a0-613-g4f23886233 to
                  | 0.26-a0-631-ged93497179
 45589 | Swamp:1  | Killed Louise
 45767 | Swamp:1  | Found a transporter.
 46139 | Swamp:1  | Found a transporter.
 46419 | Swamp:1  | Noticed Donald
 46449 | Swamp:1  | Killed Donald
 46651 | Swamp:1  | Paralysed by a hornet for 2 turns
 46657 | Swamp:1  | Identified Nehi's Handbook of Icy Dislocation (Sif Muna
                  | gifted it to you on level 1 of the Swamp)
 46657 | Swamp:1  | Received a gift from Sif Muna
 48448 | Swamp:2  | Reached skill level 19 in Invocations
 48987 | Swamp:3  | HP: 4/147 [tyrant leech (24)]
 49014 | Swamp:3  | Slain by an alligator

Illustrated notes

Levels and vault maps discovered:
D:1:      dpeg_arrival_central, layout_basic
D:2:      layout_loops_cross, led_sif_pool,
          nicolae_gozag_cash_rules_everything_around_me
D:3:      layout_basic, okawaru_gym_becter, uniq_natasha
D:4:      layout_rooms, lemuel_doored_altar, minmay_temple_entry_gardened_gates,
          dk_vineyard_2, minmay_misc_feat_square, minmay_between,
          uniq_crazy_yiuf_cottage, uniq_pikel, uniq_robin
D:5:      layout_basic, cheibriados_altar_1, gup_sewer_entry_bubbles,
          kennysheep_generic_room_9
D:6:      kennysheep_six_static_rooms, layout_basic, kennysheep_mini_moat,
          basic_altar, uniq_maggie, uniq_blork_the_orc, uniq_edmund
D:7:      minmay_the_grid_triangle_9x9_recursive_2
          [minmay_the_grid_triangle_9x9_prize_schism,
          minmay_the_grid_triangle_9x9_pentomino_pain,
          minmay_the_grid_triangle_9x9_fully_insulated_deathbox,
          minmay_the_grid_triangle_9x9_from_above], layout_loops_ring,
          minmay_ruffians
D:8:      layout_basic, lemuel_round_altar, eat_drink_and_be_merry_uskayaw,
          overflow_temple_1_default, serial_shops, shop, enter_bailey_2
D:9:      layout_stronghold, kennysheep_mini, minivault_1, uniq_erolcha,
          uniq_joseph, uniq_grum
D:10:     layout_gridville, minmay_lair_entry_lava, special_room
          [special_room_kobold], serial_shops, shop, uniq_urug
D:11:     lemuel_castle_with_subvaults [lemuel_castle_interior_carwin_3],
          layout_irregular_city, david_orc_1_choice, serial_shops,
          nicolae_shop_temple_entry_statues_fountains, basic_altar
D:12:     layout_loops_ring
D:13:     layout_stronghold, erik_vaults_2, basic_altar
D:14:     layout_big_octagon, minmay_misc_feat_hallway
D:15:     grunt_enter_depths_magical_seal, layout_cave_pools,
          chequers_serial_rivers_small_b, minmay_liquid_box,
          palyth_stone_intersect
Temple:   oiseaux_autumnal_temple
Lair:1:   layout_cave_shapes, minmay_lair_oklob_chamber, grunt_megastairs_3
Lair:2:   layout_long_grid
Lair:3:   cheibrodos_lair_overgrown_chateau, layout_small_grid, special_room
          [special_room_bee], uniq_gastronok, uniq_fannar
Lair:4:   layout_regular_city, swamp_mist, minmay_snake_entry_guardpost_medium,
          grunt_megastairs_2, serial_bayou_shore_a, lemuel_fruit_tree
Lair:5:   layout_concentric_octagons, forest_entry_grove, grunt_megastairs_1,
          uniq_josephine
Lair:6:   grunt_lair_end_beastmaster, layout_cave_pods,
          minmay_slime_entry_oklob_open, grunt_megastairs_5,
          infiniplex_staircase_pool, uniq_snorg
Swamp:1:  gammafunk_its_a_trap, layout_falls_marsh, evilmike_swamp_ruin_house_1,
          uniq_louise, uniq_nikola, uniq_donald
Swamp:2:  layout_basic_swamp, evilmike_swamp_ruin_house_3
Swamp:3:  layout_basic_swamp, evilmike_swamp_ruin_house_2
Orc:1:    layout_diamond_mine, basic_altar, mines4_lemuel, uniq_nergalle
Orc:2:    grunt_orc_gardens, layout_caves, grunt_orc_garden, grunt_orc_garden,
          grunt_orc_garden, grunt_orc_garden, serial_shops,
          nicolae_shop_waterfront

Skill      XL: |  1  2  3  4  5  6  7  8  9 10 11 12 13 14 15 16 17 |
---------------+----------------------------------------------------+-----
Polearms       | 5 6 7 8 11 12 13 14 16 | 16.0
Fighting       | 4 5 6 7 8 10 11 12 14 15 16 17 | 17.0
Dodging        | 5 6 7 8 10 12 13 14 15 16 | 16.1
Invocations    | 2 8 10 13 16 18 19 | 19.2
Evocations     | 5 |  5.6
Armour         | 3 5 |  5.0
Stealth        | |  2.1

Action                   |  1- 3 |  4- 6 |  7- 9 | 10-12 | 13-15 | 16-18 || total
-------------------------+-------+-------+-------+-------+-------+-------++-------
Melee: Spear             |   132 |   600 |   368 |       |       |       ||  1100
       Halberd           |       |       |    59 |   723 |  1636 |  1449 ||  3867
       Tailslap          |       |       |       |     1 |    15 |    16 ||    32
Throw: Boomerang         |       |       |     8 |       |     3 |       ||    11
 Cast: Summon Hydra      |       |       |       |       |     1 |       ||     1
Invok: Divine Exegesis   |       |       |       |       |     1 |       ||     1
Evoke: Box of beasts     |       |       |       |     2 |       |     5 ||     7
       Wand              |       |       |       |     1 |     4 |    11 ||    16
  Use: Scroll            |       |    13 |     2 |    14 |    10 |     6 ||    45
       Potion            |       |     2 |     3 |     1 |     2 |     9 ||    17
 Stab: Sleeping          |       |       |     4 |    18 |    48 |    11 ||    81
       Distracted        |       |       |       |     4 |    15 |     8 ||    27
       Petrified         |       |       |       |       |       |     4 ||     4
       Petrifying        |       |       |       |       |       |     2 ||     2
       Fleeing           |       |       |       |       |       |     1 ||     1
Armor: Scale mail        |    35 |   148 |    82 |    12 |       |       ||   277
       Skin              |       |    29 |       |       |       |       ||    29
       Steam dragon scal |       |       |       |    14 |       |       ||    14
       Leather armour    |       |       |       |    65 |   111 |   122 ||   298
       Ring mail         |       |       |       |       |       |   101 ||   101
Dodge: Dodged            |    64 |   200 |   145 |   436 |  1287 |  1430 ||  3562

Table legend: (Time is in decaauts)
 A = Elapsed time spent in this place.
 B = Non-inter-level travel time spent in this place.
 C = Inter-level travel time spent in this place.
 D = Time resting spent in this place.
 E = Time spent auto-exploring this place.
 F = Levels seen in this place.
 G = Mean time per level.
                   A        B        C        D        E       F      G
               +--------+--------+--------+--------+--------+-----+--------+
         Total |  47342 |  45225 |   2117 |  17497 |  18143 |  28 | 1690.8 |
       Dungeon |  30137 |  28530 |   1607 |  11547 |  10688 |  15 | 2009.1 |
        Temple |      1 |      1 |      0 |      0 |      0 |   1 |    1.0 |
          Lair |   9522 |   9158 |    364 |   2668 |   4990 |   6 | 1587.0 |
         Swamp |   3278 |   3250 |     28 |   1261 |   1396 |   3 | 1092.7 |
  Orcish Mines |   3973 |   3857 |    116 |   1967 |   1068 |   2 | 1986.5 |
        Bailey |    429 |    429 |      0 |     53 |      0 |   1 |  429.0 |
               +--------+--------+--------+--------+--------+-----+--------+

Top non-repeatable levels by time:
    D:11: 5371 daAuts
    D:13: 3629 daAuts
  Lair:6: 3496 daAuts
   Orc:1: 2832 daAuts
    D:14: 2676 daAuts
     D:2: 2354 daAuts
    D:10: 2005 daAuts
 Swamp:1: 1826 daAuts
     D:6: 1693 daAuts
    D:15: 1608 daAuts
  Lair:3: 1533 daAuts
     D:7: 1525 daAuts
     D:3: 1519 daAuts
  Lair:5: 1502 daAuts
    D:12: 1496 daAuts
